 Dungeon Crawl Stone Soup version 0.20-a0-507-gc86f373 (webtiles) character file.

827 KristoblXynda the Slasher (level 7, -1/55 HPs)
             Began as a Green Draconian Gladiator on Jan 21, 2017.
             Was a Follower of Ashenzari.
             Slain by an orc warrior
             ... wielding a +0 mace
              (20 damage)
             ... on level 6 of the Dungeon.
             The game lasted 00:11:38 (4628 turns).

KristoblXynda the Slasher (DrGl)                    Turns: 4628, Time: 00:11:39

Health: -1/55      AC: 12    Str: 14    XL:     7   Next: 64%
Magic:  9/9        EV: 14    Int: 15    God:    Ashenzari [*.....]
Gold:   93         SH:  0    Dex: 12    Spells: 6/6 levels left

rFire    . . .     SeeInvis .   a - +2 long sword
rCold    + . .     Gourm    .   (armour unavailable)
rNeg     . . .     Faith    .   (no shield)
rPois    +         Spirit   .   b - +0 hat
rElec    .         Reflect  .   i - +2 cloak "Nualul" {+Fly Str-3 Int+5}
rCorr    .         Harm     .   u - +1 pair of gloves
MR       .....                  j - +0 pair of boots (curse)
Stlth    +.........             (no amulet)
Regen    0.2/turn               (no ring)
                                w - ring of protection from cold

@: no status effects
A: breathe noxious fumes, unfitting armour, poison resistance, cold-blooded, AC
+6
a: Breathe Noxious Fumes, Curse Item, Scrying, Renounce Religion, Evoke Flight


You were on level 6 of the Dungeon.
You worshipped Ashenzari.
Ashenzari was aware of your devotion.
You were not hungry.

You visited 1 branch of the dungeon, and saw 6 of its levels.

You collected 254 gold pieces.
You spent 161 gold pieces at shops.

Inventory:

Hand Weapons
 a - a +2 long sword (weapon)
Missiles
 c - 3 throwing nets (quivered)
Armour
 b - a +0 hat (worn)
 i - the +2 cloak "Nualul" (worn) {+Fly Str-3 Int+5}
   (You found it on level 4 of the Dungeon)

   It affects your strength (-3).
   It affects your intelligence (+5).
   It lets you fly.
 j - a cursed +0 pair of boots (worn)
 u - a +1 pair of gloves (worn)
 v - a +0 shield
Jewellery
 m - an uncursed amulet of rage
 w - a ring of protection from cold (left hand)
Wands
 h - a wand of paralysis (10/24)
 y - a wand of iceblast (10/15)
Scrolls
 g - 2 scrolls of recharging
 l - 4 scrolls of amnesia
 n - a scroll of enchant weapon
 x - a scroll of magic mapping {unknown}
Potions
 f - a potion of cancellation
 k - 2 potions of haste
 o - a potion of berserk rage {unknown}
 p - a potion of brilliance
 q - a potion of ambrosia {unknown}
 r - a potion of flight {unknown}
 t - a potion of lignification {unknown}
Comestibles
 d - 2 bread rations


   Skills:
 - Level 2.1 Fighting
 + Level 6.1 Long Blades
 - Level 3.2 Throwing
 - Level 4.3 Dodging
 + Level 2.6 Shields
 + Level 3.4 Evocations


You had 6 spell levels left.
You didn't know any spells.

Dungeon Overview and Level Annotations

Branches:
Dungeon (6/15)
 Temple: D:4-7

Altars:
Ashenzari
Fedhas
Hepliaklqana
Kikubaaqudgha
Xom
Yredelemnul

Shops:
D:5 [

Annotations:
D:2 exclusion: oklob plant


Innate Abilities, Weirdness & Mutations

You can breathe blasts of noxious fumes.
Your lurid green scales are hard. (AC +6)
You cannot fit into any form of body armour.
Your system is resistant to poisons. (rPois)
You are cold-blooded and may be slowed by cold attacks.


Message History

You hit the orc warrior but do no damage.
You tail-slap the orc warrior, but do no damage.
The orc warrior is almost dead.
The helpless orc warrior fails to defend itself.
You hit the orc warrior but do no damage.
The orc warrior is almost dead.
The orc warrior is no longer paralysed.
The orc warrior barely misses you.
You closely miss the orc warrior.
You tail-slap the orc warrior, but do no damage.
The orc warrior is almost dead.
The orc warrior hits you but does no damage.
You closely miss the orc warrior.
The orc shouts!
You tail-slap the orc warrior, but do no damage.
The orc warrior is almost dead.
The orc warrior hits you with a mace!!
You hit the orc warrior but do no damage.
The orc warrior is almost dead.
The orc warrior hits you with a mace!!
You die...

#########.........
##........
#o####### #)# #.#
#.######## #.#
#....<...# #{#
....######.# #o# #
#.#####@#
#.......#
#########


You could see an orc warrior and an orc.

Vanquished Creatures
  An ice beast (D:5)
  A phantom (D:4)
  A bullfrog (D:6)
  A jelly (D:5)
  2 orc priests
  Crazy Yiuf (D:4)
  An orc wizard (D:6)
  Ijyb (D:4)
  6 worker ants
  A hound zombie (D:6)
  A hound skeleton (D:4)
  Robin (D:4)
  4 gnolls (D:3)
  A river rat (D:3)
  5 adders
  A howler monkey skeleton (D:4)
  2 worms (D:2)
  3 dart slugs
  4 leopard geckos
  8 orcs
  7 bats
  4 giant cockroaches
  28 goblins
  9 hobgoblins
  8 jackals
  3 quokkas
  A ball python (D:3)
  3 frilled lizards
  5 kobolds
  2 leopard gecko skeletons (D:4)
  A quokka skeleton (D:5)
  8 rats
125 creatures vanquished.

Notes
Turn   | Place    | Note
-------+----------+-------------------------------------------
     0 | D:1      | KristoblXynda the Draconian Gladiator began the quest for the Orb.
     0 | D:1      | Reached XP level 1. HP: 17/17 MP: 1/1
    64 | D:1      | Reached XP level 2. HP: 18/24 MP: 2/2
   718 | D:2      | Reached XP level 3. HP: 29/29 MP: 3/3
  1361 | D:2      | Found a shattered altar of Ashenzari.
  1367 | D:2      | Found a blossoming altar of Fedhas.
  1385 | D:2      | Noticed an oklob plant
  1412 | D:2      | Found a shimmering altar of Xom.
  1412 | D:2      | Found an ancient bone altar of Kikubaaqudgha.
  1413 | D:2      | Found a hazy altar of Hepliaklqana.
  1415 | D:2      | Found a basalt altar of Yredelemnul.
  1490 | D:3      | Reached skill level 4 in Long Blades
  1515 | D:3      | Reached XP level 4. HP: 24/36 MP: 4/4
  2039 | D:3      | Reached XP level 5. HP: 41/41 MP: 5/5
  2271 | D:2      | Became a worshipper of Ashenzari the Shackled
  2881 | D:4      | Got the uncursed cloak "Nualul" {+Fly Str-3 Int+5}
  2887 | D:4      | Noticed Ijyb
  2893 | D:4      | Identified the +2 cloak "Nualul" {+Fly Str-3 Int+5} (You found it on level 4 of the Dungeon)
  2930 | D:4      | Killed Ijyb
  2987 | D:4      | Reached XP level 6. HP: 46/48 MP: 6/6
  3127 | D:4      | Noticed Robin
  3138 | D:4      | Reached skill level 1 in Evocations
  3140 | D:4      | Killed Robin
  3145 | D:4      | Reached skill level 5 in Long Blades
  3555 | D:4      | Found a runed door.
  3660 | D:4      | Noticed Crazy Yiuf
  3666 | D:4      | Killed Crazy Yiuf
  3751 | D:5      | Entered Level 5 of the Dungeon
  3934 | D:5      | Reached skill level 1 in Shields
  3934 | D:5      | Your scales start taking on a lurid green colour.
  3934 | D:5      | Reached XP level 7. HP: 47/55 MP: 8/8
  3934 | D:5      | Gained mutation: Your system is resistant to poisons. (rPois) [Green Draconian growth]
  4333 | D:5      | Found Vaugisid's Armour Emporium.
  4336 | D:5      | Bought a +1 pair of gloves for 161 gold pieces
  4536 | D:6      | Reached * piety under Ashenzari
  4557 | D:6      | Reached skill level 6 in Long Blades
  4628 | D:6      | Slain by an orc warrior

Vault maps used:
D:1:      eino_arrival_cavern_e
D:2:      minitemple, hex_tiny, tgw_fedhas
D:3:      first_bread, portal_sewer_entry_b
D:4:      kennysheep_the_goblin_king, uniq_robin, uniq_crazy_yiuf_cottage
D:5:      serial_shops, nicolae_shop_behind_doors
D:6:      marbit_many_paths, chequers_temple_overflow_minitemple

Skill      XL: |  1  2  3  4  5  6  7 |
---------------+----------------------+-----
Throwing       | 2 3 |  3.2
Dodging        | 3 4 |  4.3
Long Blades    | 4 5 6 |  6.1
Evocations     | 2 3 |  3.4
Shields        | 1 2 |  2.6
Fighting       | |  2.1

Action                   |  1- 3 |  4- 6 |  7- 9 || total
-------------------------+-------+-------+-------++-------
Melee: Long sword        |    84 |   203 |    84 ||   371
       Tailslap          |     8 |    36 |    16 ||    60
Invok: Curse Item        |       |     1 |       ||     1
Evoke: Wand              |       |       |     3 ||     3
  Use: Scroll            |     9 |     5 |     4 ||    18
       Potion            |       |     3 |     1 ||     4
 Stab: Paralysed         |       |       |    14 ||    14
  Eat: Chunk             |     2 |     4 |       ||     6
       Royal jelly       |       |     1 |       ||     1
       Bread ration      |       |     1 |       ||     1
Armor: Skin              |    30 |    64 |    35 ||   129
Dodge: Dodged            |    68 |   184 |    67 ||   319
       Rpst.: Long sword |    18 |    56 |    16 ||    90
